AoeStats
← ivcrk826

Fortress

509368043Analyzed
3v3 RM · 4d ago on Sep 26, 2026· 25m 2s· 6 players
Game mode
Random Map
Map size
Large (8 player)
Population
200
Speed
Normal
Resources
Standard
Victory
Conquest
Starting age
Dark Age
Ending age
Imperial Age
RankedLock teamsTeams togetherTeam positionsShared explorationLock speedFull tech treeHidden civsTurbo modeCheats
Victory
Defeat
🇹🇼 Italians · Taiwan
1426
+15
🇹🇼 Goths · Taiwan
1409
+16
🇹🇼 Khmer · Taiwan
1406
+16
🇹🇼 Spanish · Taiwan
1499
-20
🇦🇷 Chinese · Argentina
1393
-15
🇦🇺 Khmer · Australia
1316
-12
Cowardpunch
8:12 Feudal Age
8:16 Feudal Age
12:05 Castle Age
10:32 Horse Collar
10:43 Double-Bit Axe
13:16 Bow Saw
15:06 Heavy Plow
17:52 Bow Saw
19:59 Fortified Wall
25:00 Imperial Age
22:19 Loom
ivcrk826
0:28 Loom
7:49 Feudal Age
8:42 Double-Bit Axe
11:38 Castle Age
9:37 Horse Collar
13:09 Bow Saw
13:47 Fervor
20:08 Fletching
24:09 Imperial Age
22:29 Stone Mining
23:11 Thumb Ring
23:09 Bodkin Arrow
23:38 Padded Archer Armor
23:50 Forging
apple6206ha
7:07 Feudal Age
8:32 Loom
11:10 Castle Age
10:12 Padded Archer Armor
9:59 Double-Bit Axe
11:16 Bloodlines
16:15 Husbandry
21:23 Bow Saw
21:30 Horse Collar
23:42 Wheelbarrow
chick
7:28 Feudal Age
11:09 Castle Age
9:22 Horse Collar
9:28 Double-Bit Axe
10:41 Fletching
11:57 Bodkin Arrow
12:29 Bow Saw
16:47 Ballistics
17:45 Loom
Ray
0:29 Loom
8:01 Feudal Age
11:15 Castle Age
9:26 Horse Collar
10:05 Double-Bit Axe
19:14 Town Watch
23:09 Bow Saw
David
1:36 Loom
7:41 Feudal Age
11:54 Castle Age
9:37 Horse Collar
10:08 Double-Bit Axe
17:02 Imperial Age
15:27 Scale Mail Armor
16:12 Forging
16:13 Squires
17:19 Capped Ram
23:42 Wheelbarrow
22:52 Town Watch
24:24 Chain Mail Armor
24:44 Iron Casting
24:43 Anarchy
Connection lost

Rejoining the realm…

Still unreachable

The connection could not be restored.

Session expired

The server has moved on; the page needs a fresh start.